 Dungeon Crawl Stone Soup version 0.29.1-1-gd02db6906a (webtiles) character file.

Game seed: 17447865097625293232

84615 Ijustatesigmund the Gargoyle Aeon (level 15, -2/101 HPs)
             Began as a Gargoyle Fighter on Sept 22, 2022.
             Was the Champion of Cheibriados.
             Slain by an orc knight
             ... wielding a +0 vorpal dire flail
              (30 damage)
             ... on level 1 of the Orcish Mines.
             The game lasted 00:48:07 (19941 turns).

Ijustatesigmund the Gargoyle Aeon (GrFi)           Turns: 19941, Time: 00:48:08

Health: -2/101     AC: 28    Str: 39    XL:     15   Next: 81%
Magic:  22/26      EV: 20    Int: 27    God:    Cheibriados [******]
Gold:   1543       SH: 20    Dex: 28    Spells: 13/14 levels left

rFire   . . .      SeeInvis .   a - +9 flail (spect)
rCold   + . .      Faith    .   c - +0 tower shield {rC+}
rNeg    + + .      Spirit   .   b - +0 troll leather armour {Pargi}
rPois   ∞          Reflect  .   S - +0 helmet
rElec   +          Harm     .   G - +1 cloak of Starlight {*Dazzle EV+4 Stlth--}
rCorr   +          Rampage  .   g - +1 pair of gloves
Will    +....                   n - +1 pair of boots
Stlth   ..........              Y - amulet of regeneration
HPRegen 1.86/turn               E - ring "Onwi" {rPois rN+ rCorr Dex+4}
MPRegen 0.20/turn               B - +4 ring of protection

@: flying, very slow
A: sickness immunity, AC +11, big wings, negative energy resistance 1,
electricity resistance, torment resistance 1, petrification resistance
a: Renounce Religion, Bend Time, Temporal Distortion, Slouch, Step From Time


You were on level 1 of the Orcish Mines.
You worshipped Cheibriados.
Cheibriados was exalted by your worship.
You visited 4 branches of the dungeon, and saw 23 of its levels.
You also visited: Ossuary.

You collected 1816 gold pieces.
You spent 273 gold pieces at shops.

Inventory:

Hand Weapons
 a - a +9 spectral flail (weapon)
 y - the +10 shortbow of Honour {vorpal, +Blink rF+ rN+ Stlth+}
   (You found it on level 7 of the Dungeon)

   Any ammunition fired from it inflicts extra damage upon your enemies.
   rF:        It protects you from fire.
   rN:        It protects you from negative energy.
   +Blink:    It lets you blink.
   Stlth:     It makes you more stealthy.
Missiles
 q - 3 throwing nets (quivered)
 u - 5 javelins
Armour
 b - a +0 troll leather armour (worn) {Pargi}
 c - a +0 tower shield of cold resistance (worn)
 g - a +1 pair of gloves (worn)
 n - a +1 pair of boots (worn)
 G - the +1 cloak of Starlight (worn) {*Dazzle EV+4 Stlth--}
   (You acquired it on level 7 of the Dungeon)

   It may blind those who miss an attack against the wearer in melee combat.
   EV:        It affects your evasion (+4).
   Stlth:     It makes you much less stealthy.
 S - a +0 helmet (worn)
Jewellery
 f - a ring of willpower
 l - a ring of fire
 x - an amulet of magic regeneration
 B - a +4 ring of protection (right hand)
 E - the ring "Onwi" (left hand) {rPois rN+ rCorr Dex+4}
   (You bought it in a shop on level 2 of the Dungeon)

   [ring of positive energy]

   Dex:       It affects your dexterity (+4).
   rPois:     It protects you from poison.
   rN:        It protects you from negative energy.
   rCorr:     It protects you from acid and corrosion.
 K - a ring of see invisible
 L - a ring of magical power
 Q - a ring of protection from cold
 T - a +6 ring of intelligence
 Y - an amulet of regeneration (around neck)
 Z - a ring of ice
Wands
 e - a wand of flame (22)
 z - a wand of iceblast (3)
 C - a wand of digging (1)
 H - a wand of acid (2)
 I - a wand of polymorph (10)
 J - a wand of mindburst (16)
 N - a wand of paralysis (20)
Scrolls
 m - 5 scrolls of teleportation
 p - 4 scrolls of fear
 s - 3 scrolls of amnesia
 t - 5 scrolls of magic mapping
 D - 4 scrolls of butterflies
 M - 2 scrolls of enchant weapon
 U - a scroll of summoning
 V - a scroll of immolation
 W - a scroll of enchant armour
 X - a scroll of torment
Potions
 d - 7 potions of attraction
 h - 6 potions of ambrosia
 i - 7 potions of lignification
 j - a potion of berserk rage
 k - 7 potions of heal wounds
 o - 7 potions of flight
 r - 2 potions of resistance
 v - 2 potions of invisibility
 w - 2 potions of cancellation
 A - 9 potions of curing
 F - 4 potions of brilliance
 O - 2 potions of might
 R - 2 potions of mutation
Miscellaneous
 P - a phantom mirror


   Skills:
 + Level 14.8 Fighting
 + Level 13.4 Maces & Flails
 - Level 6.1 Armour
 - Level 7.4 Dodging
 - Level 11.0 Shields
 + Level 2.5 Translocations
 + Level 15.6 Invocations
 - Level 3.6 Evocations


You had 13 spell levels left.
You knew the following spells:

 Your Spells              Type           Power      Damage    Failure   Level
a - Apportation           Tloc           26%        N/A       26%         1

Your spell library contained the following spells:

 Spells                   Type           Power      Damage    Failure   Level
 Blink                    Tloc           26%        N/A       36%         2
 Shock                    Conj/Air       0%         1d3       58%         1
 Scorch                   Fire           0%         2d5       73%         2
 Portal Projectile        Hex/Tloc       12%        N/A       78%         3
 Call Canine Familiar     Summ           0%         N/A       91%         3
 Swiftness                Air            0%         N/A       91%         3
 Airstrike                Air            0%         2d(0-16)  100%        4
 Flame Wave               Conj/Fire      0%         2d4       100%        4
 Leda's Liquefaction      Hex/Erth       0%         N/A       100%        4
 Summon Lightning Spire   Summ/Air       0%         N/A       100%        4
 Alistair's Intoxication  Tmut/Pois      0%         N/A       100%        5
 Lightning Bolt           Conj/Air       0%         1d11      100%        5
 Manifold Assault         Tloc           13%        N/A       100%        5
 Summon Cactus Giant      Summ           0%         N/A       100%        6
 Storm Form               Tmut/Air       0%         N/A       100%        7
 Chain Lightning          Conj/Air       0%         N/A       100%        9
 Fire Storm               Conj/Fire      0%         5d1       100%        9
 Shatter                  Erth           0%         3d5*      100%        9


Dungeon Overview and Level Annotations

Branches:
Dungeon (15/15)            Temple (1/1) D:6            Lair (5/5) D:11
  Swamp (0/4) Lair:2        Snake (0/4) Lair:3        Slime (0/5) Lair:4
    Orc (2/2) D:10            Elf (0/3) Orc:2        Vaults (0/5) D:13
 Depths (0/4) D:15        Ossuary (visited)

Altars:
Ashenzari
Cheibriados
Dithmenos
Elyvilon
Fedhas
Gozag
Hepliaklqana
Kikubaaqudgha
Makhleb
Nemelex Xobeh
Okawaru
Qazlal
Ru
Sif Muna
Trog
Uskayaw
Vehumet
Wu Jian
Xom
Yredelemnul
Zin
The Shining One

Shops:
D:1 [   D:2 *   Orc:1 :

Annotations:
D:8 Maggie
D:13 exclusion: orange crystal statue


Innate Abilities, Weirdness & Mutations

You are immune to sickness and miasma.
Your stone body is resilient. (AC +11)
You are immune to poison.
Your large and strong wings let you fly.
You resist negative energy. (rN+)
You are resistant to electric shocks. (rElec)
You are resistant to unholy torment.
You are immune to petrification.


Message History

You kill the orc!
Cheibriados thoroughly appreciates the change of pace.
You kill the orc!
Cheibriados appreciates the change of pace.
You kill the orc!
Cheibriados appreciates the change of pace.
The orc knight no longer looks unusually strong.
The orc knight roars a battlecry!
The orcs go into a battle-frenzy!
You block the orc warrior's attack. You block the orc knight's attack.
You hit the orc knight but do no damage.
The orc knight is almost dead.
The orc warrior no longer looks unusually strong.
You block the orc knight's attack.
The orc warrior suddenly yells, in orcish tradition.
The orc warrior barely misses you. You block the orc knight's attack.
Aiming: Paralyse
Press: ? - help, Shift-Dir - straight line, f - orc knight
Aim: an orc knight, wielding a +0 battleaxe and wearing a +0 chain mail (almost dead, strong, chance to affect: 40%)
The orc knight suddenly stops moving!
You block the orc warrior's attack.
The orc knight roars a battlecry!
The orc warrior goes into a battle-frenzy!
The helpless orc knight fails to defend itself.
You bludgeon the orc knight!!
You kill the orc knight!
You block the orc warrior's attack. You block the orc knight's attack.
You hit the orc warrior but do no damage.
The orc warrior is severely wounded.
You block the orc warrior's attack. x2; You block the orc knight's attack.
You barely miss the orc warrior.
The orc warrior is severely wounded.
The orc warrior no longer looks unusually strong. x3
You block the orc warrior's attack. x2
The orc knight hits you with a +0 vorpal dire flail!!
* * * LOW HITPOINT WARNING * * *
x2
Okay, then.
As you read the scroll of summoning, it crumbles to dust.
Wisps of shadow whirl around you... You block the orc warrior's attack. x2
The orc knight hits you with a +0 vorpal dire flail!!
You die...

..#..#.......###.##
.....##.##........#
....##...........#
........##.#.#.#######
....#....###.###)))..#
........###...##oTo).#
....#....##...##oTT.)#
....##..####...#oooo)#
...##....###...#@#####
...###...##.....o.o..#
..##
##...#.....oT......
.#.##
##.###..o.........
....# ###
##........... ##.##
#........... ####
#..........$
...#........
....$#......


You could see an orc knight (strong, ally target), 3 trolls, 6 orc warriors, a
friendly troll (summoned), a friendly orc warrior (summoned) and 3 friendly
orcs.

Vanquished Creatures
  The ghost of KamiKatze the Thaumaturge, a journeyman OpCj of Vehumet (Lair:5)
  5 boulder beetles
  4 vault guards (D:13)
  8 hydras
  Erica (Orc:1)
  4 centaur warriors
  4 two-headed ogres
  An orc high priest (Orc:1)
  2 tengu warriors
  A vampire mage (D:15)
  7 death yaks
  A spectral catoblepas (Lair:5)
  A skeletal warrior (D:15)
  A wizard (D:15)
  5 orc knights
  A necromancer (D:15)
  8 cyclopes
  A wolf spider (Lair:5)
  3 deep elf pyromancers
  The ghost of NoOffense the Covert, a novice SpTm (D:7)
  2 orc sorcerers
  2 manticores (D:14)
  5 ugly things
  6 elephants (Lair:3)
  An ice statue (D:13)
  A sphinx skeleton (D:15)
  Joseph (D:8)
  9 cane toads
  3 black mambas
  A torpor snail (Lair:4)
  3 gargoyles
  3 komodo dragons
  A kobold demonologist (D:12)
  3 rime drakes
  A tengu conjurer (D:14)
  A guardian mummy (D:15)
  3 efreet (D:13)
  2 polar bears
  6 trolls
  2 tyrant leeches (Lair:2)
  4 slime creatures (D:13)
  15 blink frogs
  A spectral dream sheep (Lair:5)
  2 hornets
  2 shadows
  A spectral black mamba (Lair:5)
  2 centaur simulacra
  4 wyverns
  5 wraiths
  30 yaks
  A human (shapeshifter) (D:14)
  Grum (D:8)
  3 basilisks
  A steam dragon (D:8)
  2 vampire mosquitoes (D:13)
  4 nagas (Lair:3)
  A death yak simulacrum (Lair:5)
  2 swamp worms (Lair:2)
  Menkaure (Ossuary)
  4 water moccasins
  Pargi (D:3)
  3 acid dragons
  23 orc warriors
  2 ice beasts (D:6)
  4 ogres
  24 wolves
  4 boggarts (D:15)
  10 centaurs
  Blork the orc (D:5)
  2 kobold brigands
  8 bullfrogs
  2 elf zombies (D:4)
  A necrophage (D:6)
  A scorpion (D:5)
  2 elf skeletons (D:4)
  16 wights
  6 killer bees (D:9)
  5 electric eels
  4 lava snakes (Lair:4)
  A torpor snail simulacrum (Lair:5)
  A howler monkey (D:13)
  A komodo dragon simulacrum (Lair:5)
  2 hounds
  17 orc priests
  2 gnoll boudas
  Jessica (D:3)
  2 human skeletons (D:4)
  3 iguanas
  21 orc wizards
  3 mummies (Ossuary)
  6 adders
  10 gnolls
  3 river rats (D:11)
  3 white imps
  2 worms
  2 dart slugs
  50 orcs
  7 endoplasms
  3 giant cockroaches
  5 hobgoblins
  6 jackals
  9 quokkas
  8 ball pythons
  3 bats
  4 frilled lizards
  3 gnoll skeletons (Ossuary)
  8 gnoll zombies (Ossuary)
  7 goblins
  6 goblin skeletons (Ossuary)
  3 goblin zombies (Ossuary)
  6 hobgoblin skeletons (Ossuary)
  6 hobgoblin zombies (Ossuary)
  21 kobolds
  4 kobold skeletons (Ossuary)
  2 kobold zombies (Ossuary)
  4 orc skeletons (Ossuary)
  2 orc zombies (Ossuary)
  6 rats
  2 rat skeletons (Ossuary)
  4 rat zombies (Ossuary)
  A spectral orc (D:14)
  A butterfly (Lair:5)
582 creatures vanquished.

Vanquished Creatures (collateral kills)
  An ogre mage (D:15)
  3 two-headed ogres (D:15)
  A shadow dragon zombie (D:15)
  An iron dragon zombie (D:15)
  A fire giant zombie (D:15)
  Grinder (D:3)
  4 ogres (D:15)
12 creatures vanquished.

Vanquished Creatures (others)
  An orc (D:8)
  32 fungi
  18 plants
  6 withered plants (D:15)
57 creatures vanquished.

Grand Total: 651 creatures vanquished

Notes
Turn   | Place    | Note
-------+----------+-------------------------------------------
     0 | D:1      | Ijustatesigmund the Gargoyle Fighter began the quest for
                  | the Orb.
     0 | D:1      | Reached XP level 1. HP: 14/14 MP: 1/1
   129 | D:1      | Reached XP level 2. HP: 16/20 MP: 2/2
   552 | D:1      | Found Heozxaal's Armour Emporium.
   560 | D:1      | Reached XP level 3. HP: 20/24 MP: 3/3
  1044 | D:2      | Found Fuhe's Assorted Antiques.
  1060 | D:2      | Bought a murky purple potion for 28 gold pieces
  1060 | D:2      | Bought a murky purple potion for 28 gold pieces
  1602 | D:3      | Noticed Pargi
  1602 | D:3      | Noticed Jessica
  1627 | D:3      | Killed Pargi
  1628 | D:3      | Reached skill level 5 in Fighting
  1628 | D:3      | Reached XP level 4. HP: 26/31 MP: 4/4
  1628 | D:3      | Reached XP level 5. HP: 29/35 MP: 5/5
  1629 | D:3      | Killed Jessica
  1749 | D:3      | Noticed Grinder
  1779 | D:3      | Killed Grinder
  1780 | D:3      | Reached XP level 6. HP: 39/41 MP: 6/6
  1856 | D:3      | Found a radiant altar of Vehumet.
  1858 | D:3      | Found a sparkling altar of Nemelex Xobeh.
  1868 | D:3      | Reached skill level 5 in Maces & Flails
  2901 | D:4      | Found a sand-covered staircase.
  2910 | D:4      | Reached XP level 7. HP: 47/47 MP: 7/7
  2913 | Ossuary  | Entered an ossuary
  3249 | Ossuary  | Noticed Menkaure
  3273 | Ossuary  | Killed Menkaure
  3482 | D:4      | Reached XP level 8. HP: 52/54 MP: 8/8
  3936 | D:4      | Identified a scroll of acquirement
  3936 | D:4      | Acquired a +0 tower shield of cold resistance
  4317 | D:5      | Entered Level 5 of the Dungeon
  4392 | D:5      | Reached skill level 5 in Shields
  4450 | D:5      | Noticed Blork the orc
  4457 | D:5      | Killed Blork the orc
  4521 | D:5      | Found a bloodstained altar of Trog.
  4857 | D:6      | Found a staircase to the Ecumenical Temple.
  5209 | D:6      | Found a hide-covered altar of Uskayaw.
  5221 | D:6      | Reached XP level 9. HP: 59/59 MP: 9/9
  5580 | Temple   | Entered the Ecumenical Temple
  5783 | Temple   | Became a worshipper of Cheibriados the Contemplative
  5903 | D:7      | Identified the +10 shortbow of Honour {vorpal, +Blink rF+
                  | rN+ Stlth+}
  5976 | D:7      | Reached skill level 1 in Invocations
  6364 | D:2      | Bought a sparkling tin ring for 160 gold pieces
  6364 | D:2      | Identified the ring "Onwi" {rPois rN+ rCorr Dex+4} (You
                  | bought it in a shop on level 2 of the Dungeon)
  6364 | D:2      | Bought 2 murky black potions for 57 gold pieces
  6826 | D:7      | Reached skill level 2 in Invocations
  6832 | D:7      | Found a runed translucent door.
  6855 | D:7      | Acquired the +1 cloak of Starlight {*Dazzle EV+4 Stlth--}
  6855 | D:7      | Found the +1 cloak of Starlight {*Dazzle EV+4 Stlth--}
  6886 | D:7      | Found a shadowy altar of Dithmenos.
  6967 | D:7      | Noticed NoOffense's ghost (novice SpTm)
  7251 | D:8      | Noticed Maggie
  7252 | D:8      | Reached * piety under Cheibriados
  7263 | D:8      | Found a burning altar of Makhleb.
  7618 | D:8      | Found a blossoming altar of Fedhas.
  7723 | D:8      | Noticed Grum
  7742 | D:8      | Killed Grum
  7743 | D:8      | Reached skill level 3 in Invocations
  7828 | D:8      | Noticed Joseph
  7838 | D:8      | Killed Joseph
  7839 | D:8      | Reached XP level 10. HP: 56/65 MP: 12/12
  8126 | D:8      | Reached skill level 4 in Invocations
  8203 | D:9      | Reached skill level 1 in Dodging
  8204 | D:9      | Reached ** piety under Cheibriados
  8247 | D:9      | Noticed a two-headed ogre
  8262 | D:9      | Reached skill level 5 in Invocations
  8263 | D:9      | Killed a two-headed ogre
  8302 | D:9      | Reached skill level 6 in Invocations
  8933 | D:10     | Entered Level 10 of the Dungeon
  8954 | D:10     | Found a broken altar of Ashenzari.
  9056 | D:10     | Reached *** piety under Cheibriados
  9057 | D:10     | Reached skill level 7 in Invocations
  9409 | D:10     | Reached XP level 11. HP: 71/71 MP: 14/16
  9433 | D:10     | Found a staircase to the Orcish Mines.
  9535 | D:11     | Noticed a cyclops
  9542 | D:11     | Killed a cyclops
  9543 | D:11     | Reached skill level 5 in Dodging
  9543 | D:11     | Reached skill level 8 in Invocations
  9572 | D:11     | Noticed an eight-headed hydra
  9580 | D:11     | Killed an eight-headed hydra
  9877 | D:11     | Noticed a death yak
  9881 | D:11     | Noticed a death yak
  9885 | D:11     | Noticed a death yak
  9899 | D:11     | Killed a death yak
  9900 | D:11     | Reached skill level 9 in Invocations
  9989 | D:11     | Found a staircase to the Lair.
 10001 | D:11     | Killed a death yak
 10016 | D:11     | Killed a death yak
 10330 | D:12     | Reached skill level 10 in Invocations
 10376 | D:12     | Noticed a boulder beetle
 10389 | D:12     | Killed a boulder beetle
 10495 | D:12     | Reached **** piety under Cheibriados
 10506 | D:12     | Noticed a boulder beetle
 10517 | D:12     | Killed a boulder beetle
 10638 | D:12     | Reached XP level 12. HP: 76/76 MP: 18/20
 10813 | D:12     | Reached skill level 10 in Fighting
 10813 | D:12     | Reached skill level 11 in Invocations
 10813 | D:12     | Reached XP level 13. HP: 82/82 MP: 21/21
 11135 | D:13     | Reached skill level 12 in Invocations
 11273 | D:13     | Found a gate to the Vaults.
 11273 | D:13     | Noticed a vault guard
 11273 | D:13     | Noticed a vault guard
 11273 | D:13     | Noticed a vault guard
 11273 | D:13     | Noticed a vault guard
 11280 | D:13     | Killed a vault guard
 11288 | D:13     | Killed a vault guard
 11289 | D:13     | Reached skill level 10 in Maces & Flails
 11328 | D:13     | Killed a vault guard
 11339 | D:13     | Killed a vault guard
 12102 | D:13     | Reached skill level 13 in Invocations
 12251 | D:14     | Reached ***** piety under Cheibriados
 12317 | D:14     | Gained mutation: Your large and strong wings let you fly.
                  | [Gargoyle growth]
 12317 | D:14     | Reached XP level 14. HP: 92/92 MP: 21/24
 12830 | D:14     | Found a basalt altar of Yredelemnul.
 12870 | D:15     | Entered Level 15 of the Dungeon
 12901 | D:15     | Reached skill level 10 in Shields
 13147 | D:15     | Reached skill level 14 in Invocations
 13178 | D:15     | Found a staircase to the Depths.
 13301 | D:15     | Reached skill level 5 in Armour
 13365 | D:15     | Identified the +10 plate armour "Qipiar" {Rampage rElec
                  | Str-3 Dex+2}
 13797 | Lair:1   | Entered Level 1 of the Lair of Beasts
 15162 | Lair:2   | Found a staircase to the Swamp.
 15615 | Lair:3   | Reached XP level 15. HP: 69/99 MP: 15/25
 15645 | Lair:3   | Reached ****** piety under Cheibriados
 15745 | Lair:3   | Found a staircase to the Snake Pit.
 16421 | Lair:4   | Found a staircase to the Slime Pits.
 17243 | Lair:5   | Entered Level 5 of the Lair of Beasts
 17322 | Lair:5   | Reached skill level 15 in Invocations
 17792 | Lair:5   | Learned a level 1 spell: Apportation
 17818 | Lair:5   | Found a runed translucent gate.
 17818 | Lair:5   | Found a runed translucent gate.
 17818 | Lair:5   | Found a runed translucent gate.
 18106 | Lair:5   | Noticed KamiKatze's ghost (journeyman OpCj)
 18492 | D:7      | Killed NoOffense's ghost
 18712 | Lair:5   | Reached skill level 1 in Translocations
 18718 | Lair:5   | Killed KamiKatze's ghost
 18873 | Orc:1    | Entered Level 1 of the Orcish Mines
 19481 | Orc:2    | Entered Level 2 of the Orcish Mines
 19536 | Orc:2    | Found a staircase to the Elven Halls.
 19593 | Orc:1    | Found a shimmering blue altar of Sif Muna.
 19718 | Orc:1    | Noticed Erica
 19718 | Orc:1    | Found Heqot's Book Emporium.
 19726 | Orc:1    | Killed Erica
 19941 | Orc:1    | Slain by an orc knight

Illustrated notes

Levels and vault maps discovered:
D:1:      minmay_arrival_four_houses, layout_basic, serial_shops, shop_fountains
D:2:      layout_loops_cross, serial_shops, nicolae_shop_stone,
          kennysheep_minor_cross, nicolae_concentric_dashed_squares_mild,
          supply_closet_lemuel
D:3:      layout_loops_ring, mainiacjoe_overflow_catwalk_spiral,
          serial_co_window_serial, co_window_paths_b, co_window_paths_a,
          co_window_corner_a, co_window_paths_b, co_window_paths_a,
          co_window_corner_a, co_window_corner_a, co_window_broadway_b,
          co_window_corner_cb, co_window_2corner, co_window_paths_d,
          grunt_ministairs_8, uniq_pargi, uniq_jessica, uniq_grinder
D:4:      layout_loops_corners, nicolae_ossuary_entry_catacombs
D:5:      layout_cave_pools, general_overflow_altar, uniq_blork_the_orc
D:6:      layout_basic, nicolae_uskayaw_dance_studio,
          minmay_temple_entry_sparse_star, grunt_decor_arrowhead,
          minmay_misc_feat_tower, dk_vineyard_1
D:7:      layout_basic, grunt_dithmenos_smoke, ebering_ghost_reflecting_pool,
          nrook_pool_corridor
D:8:      layout_loops_corners, fedhas_ov_isle_minmay,
          mainiacjoe_overflow_alcove_1, serial_bayou_pond_a, uniq_joseph,
          uniq_grum, uniq_maggie
D:9:      layout_long_grid
D:10:     layout_roguey, ashenzari_altar_1, orc_0_dummy,
          chequers_serial_rivers_micro_e
D:11:     layout_small_grid, dpeg_lair_monsters
D:12:     layout_gridville
D:13:     layout_basic, lightli_vaults_fourway_checkpoint, minmay_more_statues
D:14:     minmay_diamond_stairs, layout_rooms, nrook_uturn,
          minmay_misc_feat_square, chequers_serial_rivers_micro_b,
          yredelemnul_forgotten_temple_becter
D:15:     gammafunk_depths_entry_grave, layout_irregular_city,
          serial_park_tiny_1
Temple:   eino_narrow_crystal_temple
Lair:1:   layout_loops_ring, st_stairs_7, grunt_megastairs_5
Lair:2:   layout_roguey, minmay_swamp_entry_worms, st_stairs_5
Lair:3:   layout_cave_pods, minmay_snake_entry_guardpost_small
Lair:4:   layout_cave_pods, slime_entry_1, nicolae_lair_liquid_snakes
Lair:5:   wormcave, layout_layer_cave, gammafunk_ghost_necromancy,
          nicolae_lair_run_with_the_wolves, lemuel_fruit_fields,
          lemuel_fruit_fields
Orc:1:    nicolae_orc_accident_2, layout_caves, serial_shops, shop, special_room
          [special_room_orc], kennysheep_orc_sif_temple, uniq_erica
Orc:2:    grunt_orc_cross, layout_caves, uniq_erolcha

Skill      XL: |  1  2  3  4  5  6  7  8  9 10 11 12 13 14 15 |
---------------+----------------------------------------------+-----
Fighting       | 4 5 6 7 8 9 10 12 13 14 | 14.8
Maces & Flails | 3 4 5 6 7 9 11 12 13 | 13.4
Shields        | 7 9 11 | 11.0
Invocations    | 3 7 10 11 13 14 15 | 15.6
Dodging        | 4 7 |  7.4
Evocations     | 3 |  3.6
Armour         | 6 |  6.1
Translocations | 2 |  2.5

Action                   |  1- 3 |  4- 6 |  7- 9 | 10-12 | 13-15 || total
-------------------------+-------+-------+-------+-------+-------++-------
Melee: Flail             |   101 |   100 |   533 |   326 |   803 ||  1863
Invok: Bend Time         |       |       |       |     1 |       ||     1
       Slouch            |       |       |       |       |     4 ||     4
Evoke: Wand              |       |       |     3 |     6 |    10 ||    19
  Use: Scroll            |     8 |     3 |    19 |    10 |    11 ||    51
       Potion            |     1 |       |     1 |     1 |     2 ||     5
 Stab: Invisible         |       |       |       |    11 |    28 ||    39
       Distracted        |       |       |       |     1 |    15 ||    16
       Paralysed         |       |       |       |       |     1 ||     1
Armor: Scale mail        |    67 |       |       |       |       ||    67
       Troll leather arm |       |    40 |   251 |   132 |   308 ||   731
Dodge: Dodged            |    56 |    38 |   175 |   227 |   572 ||  1068
Block: Buckler           |    20 |    13 |    28 |       |       ||    61
       Tower shield      |       |       |   280 |   436 |  1009 ||  1725
